 Dungeon Crawl Stone Soup version 0.28.0-53-g5a82cb258f (webtiles) character file.

Game seed: 10708827777831116132

20 Sin92 the Skirmisher (level 2, -1/24 HPs)
             Began as a Demonspawn Fighter on Aug 8, 2022.
             Killed by divine providence
             ... invoked by an orc priest
              (13 damage)
             ... on level 2 of the Dungeon.
             The game lasted 00:00:37 (663 turns).

Sin92 the Skirmisher (Demonspawn Fighter)            Turns: 663, Time: 00:00:38

Health: -1/24      AC:  7    Str: 16    XL:     2   Next: 58%
Magic:  2/2        EV:  9    Int:  9    God:
Gold:   88         SH:  4    Dex: 12    Spells: 1/1 levels left

rFire   . . .      SeeInvis .   a - +0 war axe
rCold   . . .      Faith    .   c - +0 buckler
rNeg    . . .      Spirit   .   b - +0 scale mail
rPois   .          Reflect  .   h - +0 helmet
rElec   .          Harm     .   (no cloak)
rCorr   +          Rampage  .   (no gloves)
Will    .....                   (no boots)
Stlth   ..........              (no amulet)
HPRegen 0.08/turn               i - ring of resist corrosion
MPRegen 0.08/turn               (no ring)

@: no status effects
A: powered by pain 1
a: no special abilities


You were on level 2 of the Dungeon.
You visited 1 branch of the dungeon, and saw 2 of its levels.

You collected 88 gold pieces.

Inventory:

Hand Weapons
 a - a +0 war axe (weapon)
Armour
 b - a +0 scale mail (worn)
 c - a +0 buckler (worn)
 h - a +0 helmet (worn)
Jewellery
 i - a ring of resist corrosion (left hand)
Scrolls
 e - 3 scrolls of amnesia {unknown}
 g - a scroll of torment {unknown}
 j - a scroll of vulnerability {unknown}
Potions
 d - a potion of might
 f - a potion of lignification {unknown}


   Skills:
 + Level 3.2 Fighting
 * Level 2.2 Axes
 + Level 2.9 Armour
 + Level 0.5 Dodging
 + Level 2.8 Shields


You had one spell level left.
You didn't know any spells.
Your spell library contained the following spells:

 Spells                   Type           Power      Damage    Failure   Level
 Blink                    Tloc           0%         N/A       96%         2
 Manifold Assault         Tloc           0%         N/A       100%        5
 Storm Form               Tmut/Air       0%         N/A       100%        7


Dungeon Overview and Level Annotations

Branches:
Dungeon (2/15)

Altars:


Innate Abilities, Weirdness & Mutations

You sometimes gain a little power by taking damage.


Message History

The kobold hits you but does no damage.
You barely miss the orc priest. x2; You barely miss the kobold.
You hit the bat but do no damage. The bat hits you but does no damage.
The kobold closely misses you.
The orc priest hits you but does no damage.
The orc hits you from afar with a +0 trident.
The orc priest hits you but does no damage.
You block the orc priest's attack. You block the kobold's attack.
You slash the orc priest!
The orc priest is heavily wounded.
You hit the kobold but do no damage. You closely miss the bat.
You barely miss the orc priest. The bat barely misses you.
The orc hits you from afar with a +0 trident.
The kobold hits you but does no damage.
The orc priest hits you with a +0 dagger.
The orc priest hits you with a +0 club. The orc barely misses you.
You hit the orc priest.
The orc priest is almost dead.
You hit the orc priest. You barely miss the bat. You hit the kobold.
You kill the kobold!
The bat barely misses you. You block the bat's attack.
The orc priest hits you but does no damage.
The orc priest casts a cantrip, but nothing happens.
The orc hits you from afar with a +0 trident.
A goblin comes into view. It is wielding a +0 club.
You barely miss the orc priest.
The orc priest is almost dead.
The goblin shouts!
You hit the orc priest but do no damage.
You closely miss the hobgoblin. The bat closely misses you.
The orc priest hits you but does no damage.
The hobgoblin barely misses you. The orc barely misses you.
The bat closely misses you.
The orc priest calls down the wrath of Beogh upon you.
Pain shoots through your body!
The hobgoblin hits you but does no damage.
The orc priest invokes the aid of Beogh against you.
Beogh smites you!
Ouch! That really hurt!
You die...

..........#
.........#
#........#
##.(......#
.........# .
##.......#
...#........#
.?..........##.
...##.o@bo.....
......goo......
....#..<.......
.....#####.....
..##. #.... . #
.... ..# .#


You could see 2 orc priests, 2 orcs, a hobgoblin and a bat.

Vanquished Creatures
  A dart slug (D:1)
  A ball python (D:1)
  2 endoplasms (D:1)
  2 giant cockroaches (D:1)
  3 goblins (D:1)
  A quokka (D:1)
  A bat (D:1)
  2 frilled lizards (D:1)
  A kobold (D:2)
  3 rats (D:1)
17 creatures vanquished.

Notes
Turn   | Place    | Note
-------+----------+-------------------------------------------
     0 | D:1      | Sin92 the Demonspawn Fighter began the quest for the Orb.
     0 | D:1      | Reached XP level 1. HP: 18/18 MP: 1/1
   142 | D:1      | Gained mutation: You sometimes gain a little power by
                  | taking damage. [demonic ancestry]
   142 | D:1      | Reached XP level 2. HP: 24/24 MP: 2/2
   461 | D:1      | Found a faded altar of an unknown god.
   663 | D:2      | Killed from afar by an orc priest

Illustrated notes

Levels and vault maps discovered:
D:1:      dpeg_arrival_tiny_a, layout_rooms,
          shapermc_ecumenical_altar_flowoftime
D:2:      layout_rooms, st_stairs_14, uniq_robin

Skill      XL: |  1 |
---------------+----+-----
Axes           | 2 |  2.2
Fighting       | |  3.2
Armour         | |  2.9
Dodging        | |  0.5
Shields        | |  2.8

Action                   || total
-------------------------++-------
Melee: War axe           ||    41
Armor: Scale mail        ||    25
Dodge: Dodged            ||    21
Block: Buckler           ||     8
